Map: Acid Plant LE

Players

Jesse

  • Race: Zerg Zerg
  • League: Gold
  • Spawn Location: 5:00

CinDra - Winner!

  • Race: Zerg Zerg
  • League: Gold
  • Spawn Location: 11:00

VOD

Have the link to the VOD?

Description

Time

  • Played on: Feb. 28, 2018, 11 p.m.
  • Length: 20:22
Show
View Real Time Build Order
Export as new Build Order

Jesse Zerg 

Build Orders: Hatch First, Lurkers 

Get SALT Encoding   

  12  0:28  Hatchery  
  11  0:32  Drone  
  12  0:38  Drone  
  13  0:56  Spawning Pool  
  12  1:01  Drone  
  13  1:05  Drone  
  14  1:14  Overlord  
  14  1:27  Extractor  
  13  1:43  Queen x2  
  13  1:46  Drone  
  18  1:52  Drone  
  18  1:54  Drone  
  20  2:00  Drone  
  21  2:07  Drone  
  22  2:09  Drone  
  22  2:13  Drone  
  24  2:22  Drone  
  25  2:23  Drone  
  26  2:34  Drone  
  26  2:35  Drone  
  28  2:45  Lair  
  28  2:49  Extractor  
  27  2:51  Drone  
  27  2:54  Overlord x2  
  28  3:09  Overlord x3  
  28  3:14  Drone x2  
  30  3:23  Evolution Chamber  
  29  3:31  Evolution Chamber, Drone x2  
  29  3:32  Drone x2  
  24  4:01  Spine Crawler  
  24  4:02  Spine Crawler  
  22  4:04  Spine Crawler  
  21  4:14  Drone  
  21  4:15  Drone x5  
  27  4:23  Hydralisk Den  
  26  4:25  Drone  
  27  4:41  Drone x2  
  27  4:42  Drone x2  
  27  4:43  Drone  
  27  4:44  Drone  
  33  4:55  Lurker Den  
  33  4:57  Drone x2  
  33  4:59  Drone  
  35  5:07  Spore Crawler  
  35  5:09  Spore Crawler  
  35  5:10  Hydralisk  
  35  5:13  Hydralisk  
  37  5:29  Drone x3  
  37  5:30  Hydralisk x2  
  37  5:32  Hydralisk  
  46  5:55  Hydralisk  
  48  6:09  Hydralisk x2  
  52  6:17  Extractor  
  52  6:18  Extractor, Drone x4  
  52  6:20  Drone x3  
  57  6:28  Lurker  
  58  6:39  Hydralisk  
  60  6:46  Drone x4  
  64  6:48  Spore Crawler  
  64  6:51  Spore Crawler  
  62  7:06  Drone x3  
  62  7:07  Drone x3  
  68  7:12  Hatchery  
  67  7:34  Overlord x2  
  67  7:35  Overlord x3  
  67  7:45  Lurker  
  65  7:54  Hydralisk x2  
  65  7:56  Hydralisk  
  59  8:10  Queen  
  59  8:11  Hydralisk x2  
  59  8:12  Hydralisk x2  
  69  8:26  Lurker  
  70  8:28  Lurker x2  
  72  8:36  Hatchery  
  72  8:39  Hydralisk x2  
  72  8:40  Hydralisk x3  
  72  8:41  Hydralisk x2  
  81  8:47  Extractor  
  84  8:50  Extractor  
  84  8:55  Hydralisk x2  
  85  8:56  Hydralisk  
  89  9:24  Hydralisk x2  
  89  9:25  Hydralisk x2  
  89  9:26  Hydralisk x2  
  89  9:31  Extractor  
  100  9:32  Hatchery  
  99  9:40  Evolution Chamber  
  99  9:41  Evolution Chamber  
  99  9:44  Evolution Chamber  
  96  9:59  Hydralisk x5  
  106  10:11  Overlord  
  106  10:12  Overlord  
  106  10:13  Overlord x5  
  106  10:17  Zerg Melee Weapons Level 1  
  106  10:18  Zerg Missile Weapons Level 1  
  106  10:20  Zerg Ground Armor Level 1  
  106  10:32  Drone x4  
  106  10:34  Drone  
  111  10:52  Infestation Pit  
  110  10:58  Drone x2  
  110  10:59  Hydralisk x3  
  118  11:07  Hydralisk x2  
  118  11:10  Hydralisk  
  104  11:32  Hydralisk x4  
  94  11:33  Hydralisk x2  
  100  11:40  Hydralisk x2  
  100  11:42  Hydralisk  
  106  11:53  Hydralisk x3  
  112  11:58  Drone x2  
  112  11:59  Drone  
  115  12:04  Hydralisk x2  
  119  12:09  Hydralisk  
  119  12:12  Hydralisk  
  123  12:16  Hydralisk  
  123  12:18  Hydralisk  
  123  12:22  Hydralisk  
  129  12:29  Hydralisk  
  120  12:30  Hydralisk x2  
  120  12:36  Hydralisk  
  112  12:37  Hydralisk  
  112  12:43  Hydralisk  
  97  12:58  Hydralisk  
  97  12:59  Hydralisk  
  97  13:00  Hydralisk x4  
  109  13:08  Hydralisk x2  
  113  13:15  Hydralisk x3  
  119  13:27  Hydralisk x2  
  119  13:33  Hydralisk  
  111  13:40  Drone x2  
  89  13:45  Extractor  
  78  14:01  Hydralisk x6  
  78  14:02  Hydralisk  
  92  14:15  Queen  
  92  14:16  Queen  
  96  14:23  Hydralisk x3  
  102  14:27  Hydralisk  
  104  14:32  Hatchery  
  104  14:34  Drone x2  
  104  14:35  Drone x2  
  104  14:36  Drone  
  108  14:42  Zerg Melee Weapons Level 2  
  108  14:48  Zerg Missile Weapons Level 2  
  108  14:56  Zerg Ground Armor Level 2  
  108  15:12  Hive  
  108  15:18  Hydralisk x2  
  112  15:22  Spine Crawler  
  112  15:24  Spine Crawler  
  110  15:29  Grooved Spines  
  110  15:36  Drone x2  
  110  15:37  Drone x6  
  118  15:46  Drone x5  
  118  15:49  Drone  
  124  15:53  Hydralisk  
  126  16:01  Extractor  
  121  16:05  Extractor  
  121  16:09  Hydralisk x3  
  121  16:10  Hydralisk x2  
  122  16:15  Queen  
  124  16:22  Hydralisk  
  124  16:23  Hydralisk  
  124  16:24  Hydralisk  
  130  16:26  Drone x2  
  130  16:30  Drone x2  
  134  16:36  Hydralisk  
  134  16:37  Hydralisk  
  138  16:40  Muscular Augments, Hydralisk  
  140  16:47  Hydralisk x2  
  140  16:49  Hydralisk  
  146  17:02  Hydralisk  
  146  17:03  Hydralisk x2  
  146  17:06  Lurker x2  
  146  17:07  Lurker x2  
  156  17:10  Hydralisk  
  156  17:15  Hydralisk  
  125  17:26  Hydralisk x2  
  125  17:28  Hydralisk x2  
  111  17:35  Hydralisk  
  111  17:38  Hydralisk  
  103  17:45  Hydralisk  
  103  17:47  Hydralisk  
  97  18:00  Drone x3  
  100  18:18  Hatchery  
  99  18:25  Hydralisk x3  
  99  18:26  Hydralisk x2  
  99  18:27  Hydralisk  
  105  18:32  Extractor  
  110  18:35  Extractor  
  109  18:45  Drone x3  
  112  18:49  Hydralisk x2  
  112  18:50  Hydralisk  
  112  18:51  Hydralisk  
  112  18:53  Hydralisk x2  
  112  18:54  Hydralisk  
  126  18:57  Queen  
  126  18:59  Hydralisk  
  126  19:00  Hydralisk  
  126  19:01  Hydralisk  
  134  19:04  Hydralisk  
  134  19:05  Hydralisk x2  
  134  19:07  Hydralisk x3  
  134  19:08  Hydralisk x2  
  150  19:18  Hydralisk x3  
  150  19:22  Overlord  
  156  19:29  Drone x3  
  156  19:30  Drone  
  160  19:31  Drone  
  161  19:44  Hydralisk x3  
  161  19:45  Hydralisk  
Show
View Real Time Build Order
Export as new Build Order

CinDra Zerg - Winner!

Build Orders: Hatch First 

Get SALT Encoding   

  12  0:01  Drone  
  13  0:15  Overlord  
  13  0:16  Drone  
  14  0:34  Drone x2  
  16  0:37  Drone  
  17  0:54  Hatchery  
  16  0:57  Drone  
  17  1:09  Drone  
  18  1:13  Extractor  
  18  1:17  Spawning Pool  
  17  1:18  Drone  
  17  1:22  Drone  
  18  1:31  Drone  
  19  1:42  Overlord  
  19  1:52  Drone  
  20  2:05  Queen  
  20  2:06  Queen  
  20  2:07  Zergling x4  
  26  2:14  Zergling x2  
  27  2:17  Metabolic Boost  
  27  2:19  Drone  
  28  2:31  Zergling x4  
  28  2:35  Drone  
  31  2:46  Drone  
  32  2:54  Drone  
  32  2:55  Drone  
  32  2:57  Zergling x2  
  35  3:05  Drone  
  35  3:08  Overlord  
  36  3:20  Hatchery  
  36  3:26  Queen  
  37  3:45  Drone x2  
  37  3:46  Drone x5  
  44  3:59  Overlord x3  
  43  4:28  Overlord  
  43  4:29  Drone  
  43  4:30  Drone x10  
  54  4:34  Zergling x2  
  54  4:44  Zergling x4  
  54  4:45  Zergling x2  
  57  4:49  Lair  
  57  4:54  Extractor  
  56  5:06  Zergling x20  
  66  5:13  Drone  
  67  5:25  Drone x3  
  67  5:26  Drone x3  
  73  5:50  Drone  
  73  5:51  Spire, Drone x8  
  80  6:14  Drone  
  81  6:19  Overlord x3  
  81  6:20  Overlord x3  
  81  6:41  Extractor, Hatchery  
  81  6:44  Extractor  
  78  6:54  Queen  
  78  6:57  Zergling x2  
  78  6:58  Zergling x34  
  98  7:07  Drone  
  99  7:20  Drone x4  
  99  7:21  Drone  
  104  7:32  Mutalisk  
  104  7:33  Mutalisk x7  
  112  7:56  Mutalisk  
  112  7:57  Mutalisk x2  
  103  8:02  Overseer  
  103  8:08  Extractor  
  103  8:12  Extractor  
  101  8:16  Zerg Flyer Weapons Level 1  
  101  8:34  Mutalisk  
  101  8:35  Mutalisk  
  101  8:37  Overlord x3  
  105  8:45  Mutalisk  
  107  9:09  Mutalisk x3  
  113  9:21  Drone x5  
  113  9:22  Extractor  
  113  9:23  Drone x10  
  113  9:24  Extractor, Drone x3  
  129  9:39  Drone x2  
  129  9:41  Evolution Chamber  
  129  9:43  Evolution Chamber  
  129  9:58  Mutalisk  
  129  9:59  Mutalisk x6  
  143  10:01  Zergling x12  
  143  10:02  Zergling x6, Overlord x7  
  152  10:14  Overseer  
  152  10:21  Zerg Melee Weapons Level 1, Zerg Ground Armor Level 1  
  152  10:37  Mutalisk x5  
  152  10:38  Zergling x2  
  152  10:39  Zergling x20  
  173  10:50  Mutalisk  
  173  10:51  Mutalisk x2  
  123  11:44  Infestation Pit  
  122  11:50  Roach Warren  
  119  12:11  Overseer x2  
  119  12:18  Queen  
  121  12:27  Zergling x20  
  121  12:28  Zergling x44  
  121  12:29  Zergling x6  
  117  13:00  Mutalisk x4  
  117  13:01  Mutalisk x8  
  134  13:16  Mutalisk x4  
  118  13:38  Queen  
  100  13:55  Drone x5  
  104  13:56  Drone x3  
  104  14:01  Extractor  
  104  14:02  Mutalisk x12  
  109  14:06  Zerg Melee Weapons Level 2, Zerg Ground Armor Level 2  
  109  14:08  Zerg Flyer Armor Level 1  
  131  14:10  Hive  
  131  14:19  Mutalisk  
  131  14:20  Mutalisk x7  
  131  14:21  Overlord  
  131  14:22  Overlord x4  
  147  14:36  Mutalisk x3  
  153  14:47  Mutalisk  
  153  14:48  Mutalisk  
  153  14:49  Zergling x2  
  153  14:50  Zergling x24  
  170  14:53  Hatchery  
  169  15:10  Overseer x3  
  169  15:17  Overlord  
  169  15:25  Ultralisk Cavern  
  168  16:01  Zerg Flyer Weapons Level 2  
  162  16:13  Ultralisk  
  162  16:14  Ultralisk x5  
  198  16:39  Spine Crawler  
  197  16:41  Extractor, Drone x3  
  197  16:42  Extractor  
  197  16:45  Zergling x2  
  148  17:26  Ultralisk  
  148  17:27  Ultralisk x7  
  148  17:28  Mutalisk  
  156  17:47  Mutalisk  
  156  17:48  Mutalisk x4  
  154  18:19  Hatchery  
  153  18:21  Overlord  
  153  18:22  Zergling x4  
  153  18:23  Zergling x50  
  153  18:24  Zergling x10  
  185  18:43  Hatchery  
  185  18:45  Ultralisk  
  185  18:46  Ultralisk  
  185  18:48  Zergling x8  
  200  19:15  Mutalisk  
  199  19:17  Overseer  
  199  19:18  Overseer x3  
  190  20:12  Extractor  
  158  20:14  Extractor  
Tags
 
Composition
Lurkers
League
GoldGold
Matchup
ZvZ
Race
Zerg
Spawn Locations
Cross Positions
Add a new tag
Caveats
  • Supply blocks, unpowered buildings, or Contaminate may cause inaccurate times.
  • Supply counts are checked every 10 seconds.